 Dungeon Crawl Stone Soup version 0.20.1-1-g8b1a95d (webtiles) character file.

129 Ceann the Slasher (level 5, 0/28 HPs)
             Began as a Vine Stalker Fighter on Sept 25, 2017.
             Slain by an orc (1 damage)
             ... on level 3 of the Dungeon.
             The game lasted 00:02:28 (1948 turns).

Ceann the Slasher (Vine Stalker Fighter)            Turns: 1948, Time: 00:02:30

Health: 0/28       AC:  8    Str: 18    XL:     5   Next: 12%
Magic:  0/6        EV:  7    Int:  8    God:
Gold:   169        SH:  9    Dex: 15    Spells: 4/4 levels left

rFire    . . .     SeeInvis .   a - +0 long sword
rCold    . . .     Gourm    .   c - +0 shield
rNeg     . . .     Faith    .   b - +0 scale mail
rPois    .         Spirit   +   i - +0 helmet
rElec    .         Reflect  .   (no cloak)
rCorr    .         Harm     .   l - +0 pair of gloves
MR       .....                  (no boots)
Stlth    ..........             (no amulet)
Regen    0.5/turn               (no ring)
MPRegen  0.1/turn               (no ring)

@: no status effects
A: fangs 2, regeneration 1, magic shield, antimagic bite, no potion heal 3, rot
immunity
a: no special abilities


You were on level 3 of the Dungeon.
You were hungry.

You visited 1 branch of the dungeon, and saw 3 of its levels.

You collected 169 gold pieces.

Inventory:

Hand Weapons
 a - a +0 long sword (weapon)
Armour
 b - a +0 scale mail (worn)
 c - a +0 shield (worn)
 i - a +0 helmet (worn)
 l - a +0 pair of gloves (worn)
Scrolls
 e - 3 scrolls of remove curse {unknown}
 h - 2 scrolls of amnesia {unknown}
 j - 2 scrolls of fog {unknown}
 k - 3 scrolls of identify {unknown}
 o - 3 scrolls of teleportation {unknown}
 q - a scroll of magic mapping {unknown}
 s - 4 scrolls of fear {unknown}
Potions
 d - 2 potions of might
 m - 3 potions of curing {unknown}
 p - a potion of agility {unknown}
 r - a potion of lignification {unknown}
 t - 2 potions of berserk rage {unknown}
 v - a potion of brilliance {unknown}
Comestibles
 f - 2 bread rations
 g - 2 fruits
 n - 2 royal jellies


   Skills:
 + Level 3.1 Fighting
 * Level 3.4 Long Blades
 + Level 2.7 Armour
 + Level 0.5 Dodging
 + Level 0.6 Stealth
 + Level 3.1 Shields


You had 4 spell levels left.
You didn't know any spells.

Dungeon Overview and Level Annotations

Branches:
Dungeon (3/15)

Altars:
Dithmenos
Gozag
Okawaru
Sif Muna
Uskayaw


Innate Abilities, Weirdness & Mutations

You have extremely sharp teeth.
Your natural rate of healing is unusually fast.
When hurt, damage is shared between your health and your magic reserves.
Your bite disrupts and absorbs the magic of your enemies.
Potions cannot restore your health.
You are immune to rotting.


Message History

The orc priest casts a cantrip, but nothing happens.
The orc barely misses you.
You riposte.
You slash the orc!
You kill the orc!
The orc hits you but does no damage.
You hit the orc priest. Your bite misses the orc priest.
The orc priest is moderately wounded.
You block the orc's attack. You block the orc priest's attack.
The orc priest calls down the wrath of Beogh upon you.
Beogh smites you!
* * * LOW HITPOINT WARNING * * *
The orc hits you but does no damage.
The orc hits you from afar with a trident.
* * * LOW HITPOINT WARNING * * *
You hit the orc priest but do no damage.
You bite the orc priest, but do no damage.
The orc priest is moderately wounded.
You block the orc priest's attack.
The orc priest hits you but does no damage.
The orc hits you.
You die...

#........#.#.# #.###......
#
######.#.#>#.###...........
#.#.#...#.....#...##..
###+#.#...#.....#.#.# .#
#................. .# #
#.......#...##.#
#.......#...#
##.....###.o.#
.....#...o@ol+
####......)##'#...
#[.....o'oo.# #.......#...#
#.......#.o.# ####'#### ..#
####'#### ..# #.......###.#
#......##_###


You could see 2 orc priests, 2 orcs and a leopard gecko.

Vanquished Creatures
  5 adders
  An ooze (D:1)
  An adder zombie (D:2)
  4 dart slugs
  An orc (D:3)
  5 bats
  14 giant cockroaches
  5 goblins
  2 hobgoblins (D:1)
  2 jackals (D:3)
  5 quokkas
  10 frilled lizards
  4 kobolds
  10 rats
69 creatures vanquished.

Notes
Turn   | Place    | Note
-------+----------+-------------------------------------------
     0 | D:1      | Ceann the Vine Stalker Fighter began the quest for the Orb.
     0 | D:1      | Reached XP level 1. HP: 11/11 MP: 2/2
   146 | D:1      | Reached XP level 2. HP: 13/16 MP: 3/3
   689 | D:2      | Reached XP level 3. HP: 18/19 MP: 4/4
  1360 | D:2      | Found a shadowy altar of Dithmenos.
  1502 | D:2      | Gained mutation: Your natural rate of healing is unusually fast. [Vine Stalker growth]
  1502 | D:2      | Reached XP level 4. HP: 22/24 MP: 5/5
  1766 | D:3      | Found an opulent altar of Gozag.
  1767 | D:3      | Found a hide-covered altar of Uskayaw.
  1897 | D:3      | Reached XP level 5. HP: 25/28 MP: 6/6
  1903 | D:3      | Found an iron altar of Okawaru.
  1913 | D:3      | Found a deep blue altar of Sif Muna.
  1947 | D:3      | HP: 1/28 [orc/trident (3)]
  1948 | D:3      | Slain by an orc

Skill      XL: |  1  2  3  4 |
---------------+-------------+-----
Long Blades    | 2 3 |  3.4
Fighting       | 3 |  3.1
Shields        | 3 |  3.1
Armour         | |  2.7
Dodging        | |  0.5
Stealth        | |  0.6

Action                   |  1- 3 |  4- 6 || total
-------------------------+-------+-------++-------
Melee: Long sword        |   119 |    91 ||   210
       Bite              |    29 |    27 ||    56
  Eat: Chunk             |     2 |     1 ||     3
Armor: Scale mail        |    58 |    57 ||   115
Dodge: Dodged            |    44 |    41 ||    85
Block: Shield            |    58 |    65 ||   123
       Rpst.: Long sword |    10 |    18 ||    28
